Map: 2000 Atmospheres LE

Players

PattyMac - Winner!

  • Race: Protoss Protoss
  • League: Grandmaster

Spirit (souL)

  • Race: Terran Terran
  • League: Grandmaster

VOD

Have the link to the VOD?

Description

Time

  • Played on: April 23, 2022, 12:58 p.m.
  • Length: 14:44
Show
View Real Time Build Order
Export as new Build Order

PattyMac Protoss - Winner!

Build Orders: 1 Gate Expand, Oracle Opening 

Get SALT Encoding   

  12  0:00  Probe  
  13  0:12  Probe  
  14  0:17  Pylon  
  14  0:24  Probe (Chrono Boost)  
  16  0:36  Gateway, Probe (Chrono Boost)  
  16  0:43  Probe (Chrono Boost)  
  16  0:45  Assimilator  
  17  0:51  Probe  
  18  1:03  Probe  
  19  1:15  Probe  
  20  1:20  Nexus  
  20  1:31  Cybernetics Core  
  20  1:34  Probe  
  20  1:39  Assimilator  
  21  1:46  Probe  
  22  1:49  Pylon  
  22  1:58  Probe (Chrono Boost)  
  23  2:04  Adept (Chrono Boost)  
  25  2:10  Probe (Chrono Boost)  
  25  2:14  Stargate  
  26  2:19  Probe (Chrono Boost)  
  26  2:22  Warp Gate  
  27  2:28  Adept  
  29  2:33  Probe (Chrono Boost)  
  31  2:37  Probe (Chrono Boost)  
  31  2:43  Probe (Chrono Boost)  
  32  2:46  Probe (Chrono Boost)  
  32  2:48  Probe (Chrono Boost)  
  34  2:57  Probe, Oracle (Chrono Boost)  
  38  2:59  Probe  
  39  3:09  Probe  
  39  3:11  Probe  
  41  3:16  Pylon  
  41  3:20  Twilight Council  
  41  3:21  Probe  
  41  3:23  Probe  
  43  3:33  Probe  
  44  3:36  Gateway, Stalker  
  44  3:38  Gateway  
  44  3:40  Probe  
  47  3:49  Nexus  
  47  3:51  Probe  
  48  4:00  Probe  
  48  4:02  Pylon  
  49  4:04  Blink (Chrono Boost), Probe  
  49  4:05  Assimilator  
  50  4:13  Probe  
  50  4:16  Stalker, Probe  
  54  4:17  Shield Battery  
  54  4:28  Probe  
  55  4:33  Gateway, Stalker  
  55  4:34  Gateway  
  55  4:36  Stalker  
  59  4:41  Pylon  
  59  4:45  Stalker  
  61  4:48  Probe  
  61  4:52  Pylon  
  62  4:59  Probe  
  63  5:00  Probe  
  63  5:02  Stalker x2  
  63  5:04  Probe  
  69  5:11  Probe  
  69  5:12  Sentry, Probe  
  73  5:16  Shield Battery, Probe  
  74  5:23  Probe, Pylon  
  74  5:24  Probe  
  72  5:31  Stalker x3  
  72  5:35  Probe  
  79  5:36  Probe x2  
  79  5:41  Forge  
  81  5:46  Stalker  
  81  5:47  Stalker, Probe  
  82  5:59  Charge (Chrono Boost)  
  82  6:00  Stalker x3  
  82  6:01  Protoss Ground Weapons Level 1 (Chrono Boost), Probe  
  82  6:03  Assimilator  
  89  6:07  Gateway x2  
  89  6:08  Assimilator  
  87  6:15  Gateway  
  87  6:18  Pylon  
  87  6:28  Probe x2  
  87  6:29  Probe  
  88  6:33  Stalker, Zealot x2  
  88  6:34  Zealot x2  
  98  6:40  Dark Shrine, Probe x2  
  98  6:41  Probe  
  98  6:42  Pylon  
  101  6:52  Probe  
  98  6:54  Zealot x4  
  98  7:01  Zealot, Probe x2  
  106  7:02  Zealot  
  106  7:07  Pylon  
  110  7:12  Zealot x2, Pylon  
  112  7:25  Pylon  
  112  7:27  Zealot x6  
  118  7:56  Dark Templar x3  
  110  8:01  Probe x2  
  110  8:03  Stalker x5  
  110  8:04  Robotics Facility  
  122  8:06  Gateway  
  122  8:07  Probe  
  122  8:09  Gateway  
  122  8:11  Protoss Ground Armor Level 1 (Chrono Boost)  
  123  8:17  Forge  
  123  8:20  Assimilator  
  123  8:22  Pylon  
  123  8:30  Pylon  
  123  8:40  Dark Templar x2  
  116  8:41  Zealot x3  
  116  8:42  Zealot x3  
  126  8:55  Nexus  
  122  8:57  Robotics Bay  
  126  9:04  Robotics Facility  
  126  9:05  Void Ray (Chrono Boost)  
  126  9:14  Nexus  
  118  9:19  Zealot x3  
  122  9:26  Dark Templar  
  122  9:28  Probe  
  125  9:33  Probe  
  125  9:38  Zealot x4  
  134  9:50  Stalker x2  
  117  10:04  Probe  
  117  10:05  Probe  
  116  10:09  Photon Cannon  
  116  10:17  Probe x2  
  118  10:22  Nexus  
  118  10:29  Probe x2  
  118  10:32  Dark Templar  
  120  10:40  Zealot x5  
  72  11:07  Zealot x3  
  72  11:13  Stalker x3  
  72  11:14  Probe x3  
  72  11:16  Dark Templar  
  83  11:23  Protoss Ground Weapons Level 2 (Chrono Boost)  
  83  11:26  Probe x2  
  85  11:42  Colossus x2 (Chrono Boost)  
  85  11:43  Extended Thermal Lance (Chrono Boost)  
  95  11:55  Probe x2 (Chrono Boost)  
  95  11:56  Probe x2 (Chrono Boost)  
  95  11:58  Pylon  
  99  12:04  Photon Cannon  
  99  12:07  Probe x3 (Chrono Boost)  
  102  12:09  Probe (Chrono Boost)  
  102  12:13  Probe (Chrono Boost)  
  101  12:16  Shield Battery  
  101  12:20  Dark Templar  
  103  12:24  Stalker x2  
  103  12:25  Stalker  
  107  12:43  Colossus (Chrono Boost)  
  115  12:53  Stalker x3, Colossus (Chrono Boost)  
  121  13:01  Zealot x4  
  123  13:11  Photon Cannon  
  123  13:13  Dark Templar  
  118  13:27  Observer (Chrono Boost)  
  118  13:30  Zealot x3  
  115  13:35  Observer  
  115  13:38  Probe  
  117  13:42  Dark Templar  
  117  13:44  Probe  
  117  13:45  Pylon  
  118  13:49  Stalker x3  
  116  13:58  Dark Templar  
  116  14:00  Immortal (Chrono Boost)  
  126  14:03  Immortal (Chrono Boost)  
  126  14:05  Zealot x4  
  126  14:06  Probe x3  
  135  14:17  Dark Templar  
  135  14:22  Zealot x3  
  135  14:33  Zealot x2  
  135  14:34  Zealot  
Show
View Real Time Build Order
Export as new Build Order

Spirit Terran 

Build Orders: Reaper Expand 

Get SALT Encoding   

  12  0:00  SCV  
  13  0:12  SCV  
  14  0:17  Supply Depot  
  14  0:24  SCV  
  15  0:39  SCV  
  15  0:40  Barracks  
  16  0:44  Refinery  
  16  0:51  SCV  
  17  1:03  SCV  
  18  1:15  SCV  
  19  1:27  Orbital Command, Reaper  
  20  1:40  Command Center  
  20  1:51  Supply Depot  
  20  1:53  SCV  
  21  2:01  Barracks Reactor  
  21  2:05  SCV  
  21  2:06  Barracks  
  22  2:15  Barracks  
  22  2:18  SCV  
  23  2:24  Bunker  
  23  2:30  SCV  
  24  2:37  Marine x2  
  24  2:43  SCV  
  27  2:52  Orbital Command  
  27  2:55  SCV, Barracks Tech Lab, Marine x2  
  30  3:03  Barracks Tech Lab  
  30  3:07  SCV  
  31  3:13  Stimpack, Marine x3  
  31  3:18  SCV  
  31  3:19  SCV  
  36  3:24  Combat Shield  
  36  3:26  Marine  
  37  3:30  SCV  
  37  3:31  SCV, Marine  
  39  3:36  Engineering Bay  
  39  3:37  Supply Depot  
  39  3:41  Marine  
  39  3:42  Marine  
  39  3:43  SCV  
  39  3:44  Marine  
  39  3:45  SCV  
  44  3:51  Supply Depot  
  44  3:55  SCV  
  44  3:57  SCV, Marine  
  44  4:04  Marine  
  44  4:06  Marauder x2  
  44  4:07  SCV  
  44  4:09  SCV  
  51  4:12  Terran Infantry Weapons Level 1  
  51  4:17  Refinery  
  51  4:19  SCV  
  51  4:20  Marine  
  51  4:21  SCV, Marine  
  55  4:29  Marauder  
  55  4:31  Marauder, SCV, Missile Turret  
  58  4:33  SCV, Missile Turret  
  58  4:38  Supply Depot  
  61  4:39  Supply Depot  
  61  4:45  Marine  
  62  4:57  Refinery  
  62  4:58  Refinery  
  62  4:59  SCV x2, Marine  
  68  5:00  Marauder x2  
  68  5:06  Factory  
  68  5:07  Supply Depot  
  68  5:08  Marine  
  68  5:11  SCV x2  
  71  5:17  Marine  
  76  5:21  Marauder x2  
  76  5:24  SCV x2  
  76  5:26  Marine  
  76  5:29  Supply Depot  
  76  5:35  Marine  
  77  5:36  SCV x2  
  83  5:42  Marauder x2  
  83  5:44  Marine  
  83  5:48  SCV x2  
  86  5:53  Marine  
  75  5:57  Starport  
  75  6:00  Factory Reactor, SCV x2  
  75  6:02  Marine  
  73  6:04  Marauder x2  
  73  6:07  Terran Infantry Armor Level 1  
  73  6:10  Marine  
  74  6:11  Supply Depot  
  74  6:12  SCV x2  
  74  6:17  Concussive Shells  
  75  6:19  Marine  
  75  6:24  SCV x2, Supply Depot  
  75  6:25  Marauder x2, Supply Depot  
  80  6:28  Marine  
  79  6:36  SCV x2  
  79  6:37  Barracks x2  
  81  6:40  Medivac  
  81  6:41  Medivac, Marine  
  81  6:45  Factory Reactor  
  81  6:46  Marine  
  81  6:47  Marauder x2  
  89  6:59  Marine  
  90  7:01  Supply Depot x2  
  90  7:03  SCV x2  
  90  7:04  Marine  
  93  7:10  Medivac  
  93  7:11  Medivac  
  93  7:15  SCV  
  97  7:16  Command Center  
  97  7:19  Marine  
  97  7:20  Marauder, SCV  
  97  7:29  SCV  
  97  7:31  Widow Mine  
  97  7:32  Marine x2, Widow Mine  
  97  7:34  SCV  
  97  7:36  Barracks Reactor  
  104  7:37  Barracks Tech Lab  
  104  7:40  Medivac  
  104  7:41  Medivac, Marauder, SCV, Marine  
  112  7:45  Supply Depot  
  112  7:46  SCV  
  112  7:48  Supply Depot  
  112  7:50  Marine  
  110  7:57  Marine  
  110  7:58  Marauder  
  108  8:02  Armory  
  108  8:03  Engineering Bay  
  108  8:04  Ghost Academy  
  108  8:06  Widow Mine x2  
  108  8:07  Marauder  
  108  8:08  SCV  
  115  8:16  Medivac  
  115  8:19  SCV  
  118  8:21  Marauder, Marine  
  119  8:28  Widow Mine  
  119  8:33  Marine  
  119  8:34  SCV  
  118  8:42  SCV  
  118  8:43  Marine  
  118  8:44  Marauder  
  118  8:47  SCV, Marine  
  116  8:54  SCV  
  116  8:59  SCV  
  116  9:01  Medivac x2  
  116  9:06  SCV  
  117  9:10  Ghost x3, Widow Mine x2  
  117  9:11  SCV  
  125  9:18  Supply Depot  
  125  9:32  Orbital Command  
  125  9:37  SCV, Marine  
  125  9:39  Ghost x2  
  125  9:40  SCV, Marine  
  125  9:43  Supply Depot  
  125  9:45  Supply Depot  
  131  9:48  Marauder  
  131  9:50  SCV, Marine  
  133  9:56  SCV  
  133  9:57  Medivac  
  127  10:01  Orbital Command  
  127  10:04  Marine, Widow Mine  
  127  10:05  SCV  
  118  10:09  Marauder, SCV  
  118  10:11  Medivac  
  118  10:13  Marine  
  125  10:14  Marauder  
  125  10:15  Marine  
  126  10:22  SCV, Missile Turret  
  126  10:29  SCV  
  126  10:31  Marauder x2, Marine  
  126  10:34  SCV  
  126  10:35  SCV  
  129  10:41  SCV  
  126  10:47  Marine  
  126  10:48  SCV  
  113  10:52  Marine  
  86  11:05  SCV  
  86  11:09  Orbital Command  
  80  11:11  Medivac  
  80  11:15  Ghost x3, Marine  
  80  11:18  Marine  
  74  11:20  Marine  
  74  11:22  Marine  
  72  11:28  Medivac  
  74  11:33  Marine  
  74  11:39  Widow Mine  
  77  11:43  Ghost  
  77  11:45  Widow Mine  
  80  11:48  Marauder  
  80  11:49  Marine  
  80  11:52  Marine  
  80  11:53  Marine  
  85  11:55  Marine  
  85  11:57  Marauder  
  85  12:00  Widow Mine  
  90  12:06  Marine  
  91  12:09  Marine  
  91  12:10  Marine  
  91  12:11  Marine  
  91  12:13  Marauder, Marine  
  97  12:17  Widow Mine  
  97  12:19  Marauder  
  101  12:24  Marine  
  101  12:27  Marauder, Marine  
  105  12:33  Ghost  
  105  12:34  Medivac x2  
  111  12:43  Marauder, Marine  
  112  12:45  Marine x2  
  112  12:46  Marine  
  112  12:48  Marauder  
  117  13:00  Marine  
  117  13:02  Marauder  
  117  13:03  Marine x3  
  117  13:04  Marauder  
  116  13:07  Viking x2  
  116  13:09  Marine  
  117  13:18  Marine  
  116  13:21  SCV, Marine x3  
  116  13:24  Marauder  
  116  13:26  Marauder  
  124  13:27  SCV, Marine  
  124  13:32  SCV  
  118  13:35  SCV  
  118  13:36  Marine  
  118  13:39  Marine x2  
  118  13:40  Marine  
  121  13:45  Marauder x2  
  114  13:53  Marauder  
  114  13:54  Marine  
  115  13:57  Marine  
  115  13:58  Marine  
  115  14:00  Marine  
  116  14:05  Viking  
  116  14:07  Marauder x2  
  119  14:15  Marauder  
  119  14:16  Marine  
  118  14:17  Marine  
Tags
 
Add a new tag
Caveats
  • Supply blocks, unpowered buildings, or Contaminate may cause inaccurate times.
  • Supply counts are checked every 10 seconds.